 Dungeon Crawl Stone Soup version 0.31-a0-841-g038b102fc3 (webtiles) character file.

Game seed: 12725099247406567956

35 CraigForest the Slasher (level 3, 0/28 HPs)
             Began as a Barachi Gladiator on Sept 27, 2023.
             Slain by Terence
             ... wielding a +1 short sword of protection
              (2 damage)
             ... on level 2 of the Dungeon.
             The game lasted 00:03:54 (1380 turns).

CraigForest the Slasher (Barachi Gladiator)         Turns: 1380, Time: 00:03:55

Health: 0/28       AC:  4    Str: 15    XL:     3   Next: 33%
Magic:  3/3        EV: 13    Int:  8    God:
Gold:   120        SH:  0    Dex: 15    Spells: 2/2 levels left

rFire   + . .        a - +1 long sword
rCold   + . .        (no shield)
rNeg    . . .        b - +0 leather armour
rPois   +            c - +0 helmet
rElec   +            (no cloak)
rCorr   +            (no gloves)
SInv    .            (no boots)
Will    .....        (no amulet)
Stlth   +            (no ring)
HPRegen 0.24/turn    (no ring)
MPRegen 0.08/turn

%: no passive effects
@: resistant, invisible, slow
A: amphibious, slowness 1, strong legs 1, +LOS
a: Hop


You were on level 2 of the Dungeon.
You visited 1 branch of the dungeon, and saw 2 of its levels.

You collected 120 gold pieces.

Inventory:

Hand Weapons
 a - a +1 long sword (weapon)
Missiles
 d - 3 throwing nets (quivered)
 e - a javelin
Armour
 b - a +0 leather armour (worn)
 c - a +0 helmet (worn)
Talismans
 h - a flux talisman
Scrolls
 g - 2 scrolls of identify {unknown}


   Skills:
 + Level 2.6 Fighting
 + Level 4.5 Long Blades
 + Level 2.2 Throwing
 + Level 0.7 Armour
 + Level 3.5 Dodging
 + Level 0.4 Stealth


You had 2 spell levels left.
You didn't know any spells.
Your spell library contained the following spells:

 Spells                   Type           Power      Damage    Failure   Level
 Ensorcelled Hibernation  Hex/Ice        0%         N/A       63%         2
 Passwall                 Tmut/Erth      0%         N/A       63%         2
 Call Canine Familiar     Summ           0%         N/A       85%         3
 Hailstorm                Conj/Ice       0%         3d3       85%         3
 Sigil of Binding         Hex            0%         N/A       85%         3
 Swiftness                Air            0%         N/A       85%         3
 Dimensional Bullseye     Hex/Tloc       0%         N/A       99%         4
 Leda's Liquefaction      Hex/Erth       0%         N/A       99%         4
 Summon Ice Beast         Ice/Summ       0%         N/A       99%         4
 Simulacrum               Ice/Necr       0%         N/A       100%        6


Dungeon Overview and Level Annotations

Branches:
Dungeon (2/15)

Altars:

Annotations:
D:2 Terence


Innate Abilities, Weirdness & Mutations

You are amphibious.
You cover ground slowly.
You can hop short distances.
You have an extended range of vision and can be seen from far away.


Message History

Terence hits you with a +1 short sword of protection.
* * * LOW HITPOINT WARNING * * *
It was a potion of resistance.
You feel protected. Terence closely misses you.
It was a potion of invisibility.
You fade into invisibility!
Terence barely misses you.
You hit Terence but do no damage.
Terence is heavily wounded.
Terence barely misses you.
You catch the helpless Terence completely off-guard!
You hit Terence but do no damage.
Terence is heavily wounded.
Terence closely misses you.
You barely miss Terence.
Terence is heavily wounded.
Terence barely misses you. Terence hits you but does no damage.
You completely miss Terence.
Terence is heavily wounded.
Terence hits you with a +1 short sword of protection.
* * * LOW HITPOINT WARNING * * *
You catch the helpless Terence completely off-guard!
You hit Terence but do no damage.
Terence is heavily wounded.
Terence closely misses you.
You barely miss Terence.
Terence is heavily wounded.
Terence closely misses you.
You catch the helpless Terence completely off-guard!
You hit Terence.
Terence is heavily wounded.
Terence hits you with a +1 short sword of protection.
* * * LOW HITPOINT WARNING * * *
Terence closely misses you.
You slash Terence!
Terence is almost dead.
Terence barely misses you.
Terence hits you with a +1 short sword of protection.
You die...

###.# #..†..# .#
..†.# #.....# .#
##### #.....# .#
# #####.##<####
# # #.......# #
#.. #.).....#
#....##.......#
#...........:.#
.....####.@..[.#
...
#....@........
#.#.#+######<.
..... . #.#.#. #
#.#. # ## ##


You could see Terence (unable to see you).

Vanquished Creatures
  An adder (D:2)
  A worm (D:2)
  A ball python (D:1)
  2 endoplasms
  4 giant cockroaches
  3 goblins
  2 hobgoblins (D:2)
  A quokka (D:2)
  A frilled lizard (D:1)
  A kobold (D:2)
  4 rats
21 creatures vanquished.

Notes
Turn   | Place    | Note
-------+----------+-------------------------------------------
     0 | D:1      | CraigForest the Barachi Gladiator began the quest for the
                  | Orb.
     0 | D:1      | Reached XP level 1. HP: 17/17 MP: 1/1
     1 | D:1      | Found a faded altar of an unknown god.
   425 | D:1      | Reached XP level 2. HP: 23/23 MP: 2/2
   567 | D:1      | Reached skill level 4 in Long Blades
  1206 | D:2      | Reached XP level 3. HP: 25/28 MP: 3/3
  1348 | D:2      | Noticed Terence
  1378 | D:2      | HP: 1/28 [Terence/+1 short sword of protection (3)]
  1380 | D:2      | Slain by Terence

Illustrated notes

Levels and vault maps discovered:
D:1:      dpeg_arrival_tiny_d, layout_basic, ebering_ecumenical_altar_ruins
D:2:      layout_basic, uniq_terence

Skill      XL: |  1  2 |
---------------+-------+-----
Long Blades    | 4 |  4.5
Fighting       | |  2.6
Throwing       | |  2.2
Armour         | |  0.7
Dodging        | |  3.5
Stealth        | |  0.4

Action                     || total
---------------------------++-------
  Melee: Long sword        ||    88
         Punch             ||     1
    Use: Scroll            ||     3
         Potion            ||     2
   Stab: Invisible         ||     3
 Armour: Leather armour    ||    47
  Dodge: Dodged            ||    56

Table legend: (Time is in decaauts)
 A = Elapsed time spent in this place.
 B = Non-inter-level travel time spent in this place.
 C = Inter-level travel time spent in this place.
 D = Time resting spent in this place.
 E = Time spent auto-exploring this place.
 F = Levels seen in this place.
 G = Mean time per level.
                   A        B        C        D        E       F      G
               +--------+--------+--------+--------+--------+-----+--------+
         Total |   1598 |   1580 |     18 |     44 |   1259 |   2 |  799.0 |
       Dungeon |   1598 |   1580 |     18 |     44 |   1259 |   2 |  799.0 |
               +--------+--------+--------+--------+--------+-----+--------+

Top non-repeatable levels by time:
     D:1: 1016 daAuts
     D:2: 581 daAuts
